 Dungeon Sprint DCSS version 0.20-a0-1122-gb7cbeb9 (webtiles) character file.

54 potatolord6000 the Skirmisher (level 3, -7/54 HPs)
             Began as a Draconian Fighter on May 11, 2017.
             Mangled by a water elemental (11 damage)
             ... in the Dungeon (Sprint III: "The Ten Rune Challenge").
             The game lasted 00:02:33 (316 turns).

potatolord6000 the Skirmisher (Draconian Fighter)    Turns: 316, Time: 00:02:33

Health: -7/54      AC:  6    Str: 24    XL:     3   Next: 66%
Magic:  3/3        EV: 13    Int:  8    God:
Gold:   30         SH:  0    Dex: 10    Spells: 2/2 levels left

rFire    . . .     SeeInvis .   c - +4 quarterstaff (chaos)
rCold    . . .     Gourm    .   (shield currently unavailable)
rNeg     . . .     Faith    .   (armour unavailable)
rPois    .         Spirit   .   (helmet restricted)
rElec    .         Reflect  .   k - +0 cloak
rCorr    .         Harm     .   (no gloves)
MR       .....     Clarity  +   (no boots) Stlth ..........NoTele +
                                (no amulet)
Regen    0.2/turn               (no ring)
MPRegen  0.1/turn               (no ring)

@: berserking, engulfed (cannot breathe), hasted, very quick
A: unfitting armour, hooves 1, clarity, cold-blooded, AC +5
a: no special abilities


You were in the Dungeon.
You were not hungry.

You visited 1 branch You collected 30 gold pieces.

Inventory:

Hand Weapons
 c - a +4 quarterstaff of chaos (weapon)
Armour
 k - a +0 cloak (worn)
Scrolls
 b - a scroll of torment {unknown}
 j - a scroll of blinking
 l - 4 scrolls of identify
 m - 4 scrolls of remove curse
 q - 3 scrolls of holy word {unknown}
Potions
 e - a potion of curing
 f - a potion of heal wounds
 h - 2 potions of magic
 o - a potion of agility {unknown}
 p - 2 potions of flight {unknown}
Comestibles
 d - a bread ration
 n - 5 fruits


   Skills:
 + Level 5.2 Fighting
   Level 4.1 Axes
 + Level 4.2 Dodging
   Level 4.5 Shields


You had 2 spell levels left.
You didn't know any spells.

Dungeon Overview and Level Annotations

Branches:
Dungeon (1/1)

Altars:


Innate Abilities, Weirdness & Mutations

Your plain brown scales are hard. (AC +5)
You cannot fit into any form of body armour.
You are cold-blooded and may be slowed by cold attacks.
You have large cloven feet.
You possess an exceptional clarity of mind.


Message History

You closely miss the water elemental. The water elemental closely misses you.
You hit the water elemental but do no damage.
The water elemental flickers and vanishes!
Deactivating autopickup; reactivate with Ctrl-A.
Your kick misses something. You tail-slap something. Something hits you!!
Ouch! That really hurt!
A red film seems to cover your vision as you go berserk!
You feel yourself moving faster!
You feel mighty!
You completely miss something. Your kick misses something. Something hits you!
Something engulfs you in water!
You barely miss something. Your kick misses something.
* * * LOW HITPOINT WARNING * * *
Your lungs strain for air!
Something hits you.
* * * LOW HITPOINT WARNING * * *
You sock something! You freeze something. You kick something.
* * * LOW HITPOINT WARNING * * *
Your lungs strain for air!
Something hits you!
You die...

▓▓▓▓▓▓▓▓ ▓▓▓ <..#)..####
##.# ...#......#####..#
..##.......#..#..#
##.##.##...#.!#..# #+#+#
##.##.###..##'#..#......
#.####.##..###..@{.⌠....
.###..##..####...#...###
#.....##..###....# ⌠.#
###..##...##.....# .#
##..##....#...)..# #
#..###..##.#.....# #..#
#.. ####....# ▓▓▓▓ ▓▓▓
▓▓▓▓▓▓


There were no monsters in sight!

Vanquished Creatures
  Crazy Yiuf (D)
  A human (D)
  2 oozes (D)
  2 rats (D)
6 creatures vanquished.

Vanquished Creatures (others)
  2 draconian scorchers (D)
  5 hellions (D)
  A yaktaur (D)
8 creatures vanquished.

Grand Total: 14 creatures vanquished

Notes
Turn   | Place    | Note
-------+----------+-------------------------------------------
     0 | D        | potatolord6000 the Draconian Fighter began the quest for the Orb.
     0 | D        | Reached XP level 1. HP: 19/19 MP: 1/1
    18 | D        | Reached skill level 4 in Fighting
    18 | D        | Reached XP level 2. HP: 27/27 MP: 2/2
    69 | D        | Noticed Crazy Yiuf
    77 | D        | Killed Crazy Yiuf
    77 | D        | Reached XP level 3. HP: 16/35 MP: 3/3
    87 | D        | Reached skill level 5 in Fighting
   117 | D        | Killed a hellion
   117 | D        | Killed a hellion
   118 | D        | Killed a hellion
   123 | D        | Gained mutation: Your magical capacity is low. (-10% MP) [potion of mutation]
   123 | D        | Gained mutation: You possess an exceptional clarity of mind. [potion of mutation]
   123 | D        | Killed a white draconian scorcher
   124 | D        | Lost mutation: Your magical capacity is low. (-10% MP) [potion of mutation]
   124 | D        | Lost mutation: You possess an exceptional clarity of mind. [potion of mutation]
   124 | D        | Gained mutation: Your magical capacity is low. (-10% MP) [potion of mutation]
   124 | D        | Gained mutation: Your spells are a little harder to cast, but a little more powerful. [potion of mutation]
   124 | D        | Gained mutation: You are clumsy. (Dex -2) [potion of mutation]
   124 | D        | Gained mutation: Your flesh is cold resistant. (rC+) [potion of mutation]
   125 | D        | Lost mutation: Your magical capacity is low. (-10% MP) [potion of mutation]
   125 | D        | Lost mutation: Your spells are a little harder to cast, but a little more powerful. [potion of mutation]
   125 | D        | Lost mutation: Your flesh is cold resistant. (rC+) [potion of mutation]
   125 | D        | Lost mutation: You are clumsy. (Dex -2) [potion of mutation]
   125 | D        | Gained mutation: You are somewhat resistant to further mutation. [potion of mutation]
   125 | D        | Lost mutation: You are somewhat resistant to further mutation. [potion of mutation]
   125 | D        | Gained mutation: Scrolls take you a little longer to read. [potion of mutation]
   125 | D        | Gained mutation: Your flesh is heat resistant. (rF+) [potion of mutation]
   125 | D        | Killed a white draconian scorcher
   126 | D        | Lost mutation: Scrolls take you a little longer to read. [potion of mutation]
   126 | D        | Lost mutation: Your flesh is heat resistant. (rF+) [potion of mutation]
   126 | D        | Gained mutation: Your muscles are strong. (Str +2) [potion of mutation]
   126 | D        | Lost mutation: Your muscles are strong. (Str +2) [potion of mutation]
   126 | D        | Gained mutation: You possess an exceptional clarity of mind. [potion of mutation]
   126 | D        | Gained mutation: You have large cloven feet. [potion of mutation]
   134 | D        | Killed a hellion
   135 | D        | Killed a hellion
   174 | D        | Killed a yaktaur
   309 | D        | Noticed a water elemental
   316 | D        | Mangled by a water elemental

Vault maps used:
D:        dungeon_sprint_mu

Skill      XL: |  1  2  3 |
---------------+----------+-----
Dodging        | 3 4 |  4.2
Fighting       | 4 5 |  5.2
Axes           | 3 4 |  4.1
Shields        | 4 |  4.5

Action                   || total
-------------------------++-------
Melee: War axe           ||    24
       Tailslap          ||     5
       Quarterstaff      ||     5
       Kick              ||     1
  Use: Potion            ||     7
Armor: Skin              ||     3
Dodge: Dodged            ||    11
Block: Shield            ||    10
